 Dungeon Crawl Stone Soup version 0.27-a0-1280-g9d2d252d84 (webtiles) character file.

Game seed: 8977440903884332389

2927 27snakeeyes612 the Cleaver (level 9, -1/47 HPs)
             Began as a Vine Stalker Fighter on June 13, 2021.
             Was a Priest of Makhleb.
             Slain by Duvessa (10 damage)
             ... on level 7 of the Dungeon.
             The game lasted 00:07:42 (7311 turns).

27snakeeyes612 the Cleaver (Vine Stalker Fighter)   Turns: 7311, Time: 00:07:43

Health: -1/47      AC: 15    Str: 23    XL:     9   Next: 79%
Magic:  0/10       EV:  9    Int:  8    God:    Makhleb [***...]
Gold:   333        SH: 10    Dex: 13    Spells: 8/8 levels left

rFire    + . .     SeeInvis .   a - +1 war axe
rCold    . . .     Faith    .   g - +0 kite shield {rF+}
rNeg     . . .     Spirit   +   b - +0 scale mail
rPois    .         Reflect  .   F - +0 helmet
rElec    .         Harm     .   p - +0 cloak
rCorr    +         Rampage  .   D - +0 pair of gloves
Will     +....                  (no boots)
Stlth    ..........             (no amulet)
HPRegen  1.15/turn              z - ring of resist corrosion
MPRegen  0.12/turn              x - +4 ring of protection

@: lethally poisoned (-1 -> -3)
A: fangs 3, regeneration 1, magic shield, antimagic bite, no potion heal 2
a: Renounce Religion, Minor Destruction, Lesser Servant of Makhleb


You were on level 7 of the Dungeon.
You worshipped Makhleb.
Makhleb was most pleased with you.
You visited 1 branch of the dungeon, and saw 7 of its levels.
You also visited: Ossuary.

You collected 333 gold pieces.

Inventory:

Hand Weapons
 a - a +1 war axe (weapon)
Armour
 b - a +0 scale mail (worn)
 c - a +1 kite shield
 g - a +0 kite shield of fire resistance (worn)
 p - a +0 cloak (worn)
 D - a +0 pair of gloves (worn)
 F - a +0 helmet (worn)
Jewellery
 k - a +6 ring of intelligence
 q - a ring of ice
 x - a +4 ring of protection (right hand)
 z - a ring of resist corrosion (left hand)
 E - an amulet of guardian spirit
Wands
 C - a wand of iceblast (7) (quivered)
Scrolls
 f - 2 scrolls of teleportation
 j - a scroll of enchant weapon
 m - a scroll of amnesia
 r - 4 scrolls of fear
 v - a scroll of identify
 y - 4 scrolls of fog
 G - a scroll of holy word {unknown}
Potions
 d - 2 potions of might
 e - 3 potions of attraction
 h - 3 potions of berserk rage
 i - a potion of haste
 l - 2 potions of lignification {unknown}
 n - 3 potions of heal wounds
 o - 6 potions of curing
 s - a potion of flight {unknown}
 t - a potion of degeneration {unknown}
 u - 2 potions of magic {unknown}
 w - 2 potions of brilliance {unknown}
 A - a potion of resistance
 B - 2 potions of invisibility {unknown}


   Skills:
 + Level 5.0 Fighting
 + Level 8.4 Axes
 + Level 4.9 Armour
 + Level 3.0 Dodging
 + Level 1.1 Stealth
 + Level 5.3 Shields
 + Level 1.5 Evocations


You had 8 spell levels left.
You didn't know any spells.
Your spell library contained the following spells:

 Spells                   Type           Power      Damage    Failure   Level
 Animate Skeleton         Necr           0%         N/A       98%         1
 Pain                     Necr           0%         1d4       98%         1
 Sandblast                Erth           0%         2d4       98%         1
 Passwall                 Tmut/Erth      0%         N/A       99%         2
 Stone Arrow              Conj/Erth      0%         3d7       100%        3
 Vampiric Draining        Necr           0%         2d6       100%        3
 Animate Dead             Necr           0%         N/A       100%        4
 Petrify                  Tmut/Erth      0%         N/A       100%        4
 Agony                    Necr           0%         N/A       100%        5
 Lee's Rapid Deconstruct  Erth           0%         3d5*      100%        5


Dungeon Overview and Level Annotations

Branches:
Dungeon (7/15)             Temple (0/1) D:7         Ossuary (visited)

Altars:
Ashenzari
Cheibriados
Dithmenos
Makhleb
Zin
The Shining One

Shops:
D:6 :

Annotations:
D:4 2 transporters, Nacht's ghost, amateur GrFi
D:7 Duvessa


Innate Abilities, Weirdness & Mutations

You have razor-sharp teeth.
Your natural rate of healing is unusually fast.
When hurt, damage is shared between your health and your magic reserves.
Your bite disrupts and absorbs the magic of your enemies.
Potions cannot restore your health.


Message History

You slash Dowan! You miss the killer bee. You barely miss the killer bee.
You block the killer bee's attack.
The killer bee stings you but does no damage.
The killer bee stings you! The killer bee stings you.
You block the killer bee's attack. x2; Dowan hits you but does no damage.
The killer bee stings you but does no damage.
The killer bee closely misses you.
You slash Dowan!
You kill Dowan!
Makhleb accepts your kill.
Duvessa screams, "No!
How DARE you!"
Duvessa goes berserk!
You hit the killer bee. You barely miss the killer bee. You hit the killer bee.
You barely miss Duvessa.
You block the killer bee's attack. x2; The killer bee closely misses you.
Duvessa hits you with a +2 short sword of speed.
The killer bee closely misses you. You block the killer bee's attack.
Duvessa hits you with a +2 short sword of speed!
You block the killer bee's attack.
The killer bee stings you but does no damage.
Duvessa barely misses you. The killer bee stings you!
The killer bee stings you but does no damage.
Your Dodging skill increases to level 3!
You hit Duvessa. You bite Duvessa. You drain her power.
You feel invigorated.
Duvessa is lightly wounded.
Your shield prevents you from hitting the killer bee.
You slash the killer bee! You miss the killer bee.
You block the killer bee's attack.
Duvessa hits you with a +2 short sword of speed.
* * * LOW HITPOINT WARNING * * *
The killer bee misses you. You block the killer bee's attack.
The killer bee stings you.
* * * LOW HITPOINT WARNING * * *
You are poisoned.
The killer bee poisons you!
Duvessa hits you with a +2 short sword of speed.
* * * LOW HITPOINT WARNING * * *
You block the killer bee's attack.
The killer bee stings you but does no damage.
Duvessa hits you with a +2 short sword of speed!
You die...

#..#.................###.≈≈###
..###...............##..≈≈≈≈≈##
... .............####....≈≈≈≈≈#
....................?....≈≈≈≈≈#
..... ......#............≈≈≈≈#
. ..>##..........≈≈≈≈≈≈# . ..
##..####...≈≈≈≈≈≈#
##.##...##.##...≈≈≈≈##
#....y@)...###≈≈≈###
......yye.....#####
..............# ###........#..#
#.?......# .. ......#...# .
....... .... ..#.... #...#


You could see Duvessa (berserk) and 3 killer bees.

Vanquished Creatures
  Prince Ribbit (D:7)
  Sigmund (D:5)
  A water moccasin (D:7)
  An ice beast (D:5)
  2 ogres (D:6)
  2 centaurs
  2 phantoms (D:5)
  3 bullfrogs
  A gnoll sergeant (D:6)
  7 scorpions
  Dowan (D:7)
  A killer bee (D:7)
  4 wights (D:4)
  A howler monkey (D:6)
  A bullfrog zombie (D:5)
  5 centaur zombies
  2 human zombies (Ossuary)
  3 hounds
  A bullfrog skeleton (D:4)
  3 orc priests
  An iguana (D:7)
  Natasha (thrice) (D:3)
  Terence (D:3)
  2 orc wizards
  3 scorpion zombies (Ossuary)
  A hound zombie (D:5)
  3 mummies (Ossuary)
  3 adders (D:6)
  3 gnolls (D:6)
  A howler monkey skeleton (D:4)
  A shadow imp (D:7)
  2 ufetubi (D:5)
  An adder skeleton (D:4)
  4 worms
  A dart slug (D:1)
  19 orcs
  10 endoplasms
  6 giant cockroaches
  2 gnoll zombies (Ossuary)
  6 goblins
  6 hobgoblins
  8 jackals
  10 quokkas
  8 ball pythons
  4 bats
  6 frilled lizards
  2 goblin zombies (Ossuary)
  A hobgoblin zombie (Ossuary)
  8 kobolds
  4 kobold zombies (Ossuary)
  A quokka skeleton (D:4)
  6 rats
180 creatures vanquished.

Vanquished Creatures (others)
  A scorpion (Ossuary)
  A fungus (D:1)
  A plant (D:1)
3 creatures vanquished.

Grand Total: 183 creatures vanquished

Notes
Turn   | Place    | Note
-------+----------+-------------------------------------------
     0 | D:1      | 27snakeeyes612 the Vine Stalker Fighter began the quest for
                  | the Orb.
     0 | D:1      | Reached XP level 1. HP: 11/11 MP: 2/2
   483 | D:1      | Reached XP level 2. HP: 16/16 MP: 3/3
   733 | D:1      | Reached skill level 2 in Axes
   940 | D:1      | Found a faded altar of an unknown god.
  1414 | D:1      | Reached XP level 3. HP: 19/19 MP: 4/4
  1449 | D:1      | You fall into a shaft and drop 1 floor!
  1658 | D:2      | Found a snail-covered altar of Cheibriados.
  2717 | D:2      | Gained mutation: Your natural rate of healing is unusually
                  | fast. [Vine Stalker growth]
  2717 | D:2      | Reached XP level 4. HP: 23/23 MP: 5/5
  3056 | D:3      | Found a burning altar of Makhleb.
  3079 | D:3      | Became a worshipper of Makhleb the Destroyer
  3181 | D:3      | Noticed Terence
  3190 | D:3      | Killed Terence
  3191 | D:3      | Reached XP level 5. HP: 22/28 MP: 1/6
  3409 | D:3      | You fall into a shaft and drop 1 floor!
  3493 | D:3      | Noticed Natasha
  3498 | D:3      | Killed Natasha
  3499 | D:3      | Reached skill level 3 in Axes
  3578 | D:3      | Noticed Natasha
  3586 | D:3      | Killed Natasha
  3660 | D:3      | Noticed Natasha
  3666 | D:3      | Killed Natasha
  3667 | D:3      | Reached skill level 1 in Dodging
  3667 | D:3      | Reached XP level 6. HP: 25/32 MP: 4/7
  3871 | D:4      | Reached * piety under Makhleb
  3915 | D:4      | Found a sand-covered staircase.
  3946 | Ossuary  | Entered an ossuary
  3983 | Ossuary  | Reached skill level 1 in Stealth
  4034 | Ossuary  | Reached skill level 4 in Axes
  4058 | Ossuary  | Reached XP level 7. HP: 36/36 MP: 8/8
  4200 | Ossuary  | Reached skill level 5 in Axes
  4385 | D:4      | Found a transporter.
  4385 | D:4      | Noticed Nacht's ghost (amateur GrFi)
  4388 | D:4      | Found a transporter.
  4433 | D:4      | Gained mutation: You have razor-sharp teeth. [Vine Stalker
                  | growth]
  4433 | D:4      | Reached XP level 8. HP: 42/42 MP: 9/9
  4722 | D:4      | Reached skill level 6 in Axes
  4897 | D:4      | Reached ** piety under Makhleb
  5049 | D:5      | Entered Level 5 of the Dungeon
  5060 | D:5      | Identified a scroll of acquirement
  5060 | D:5      | Acquired a +0 kite shield of fire resistance
  5290 | D:5      | Noticed Sigmund
  5308 | D:5      | Killed Sigmund
  5309 | D:5      | Reached skill level 7 in Axes
  5550 | D:5      | Found a broken altar of Ashenzari.
  5552 | D:5      | Found a glowing golden altar of the Shining One.
  5553 | D:5      | Found a shadowy altar of Dithmenos.
  5553 | D:5      | Found a snail-covered altar of Cheibriados.
  5824 | D:5      | Found a glowing silver altar of Zin.
  6021 | D:6      | Reached XP level 9. HP: 46/46 MP: 10/10
  6189 | D:6      | Reached skill level 5 in Shields
  6501 | D:6      | Found Wyoriax's Book Shop.
  6671 | D:6      | Reached skill level 8 in Axes
  6726 | D:6      | Reached *** piety under Makhleb
  6989 | D:7      | Reached skill level 1 in Evocations
  7094 | D:7      | Noticed Prince Ribbit
  7101 | D:7      | Killed Prince Ribbit
  7113 | D:7      | Reached skill level 5 in Fighting
  7212 | D:7      | Found a staircase to the Ecumenical Temple.
  7301 | D:7      | Noticed Dowan
  7302 | D:7      | Noticed Duvessa
  7310 | D:7      | Killed Dowan
  7311 | D:7      | Slain by Duvessa

Illustrated notes

Levels and vault maps discovered:
D:1:      shiori_arrival_maze, layout_basic, shapermc_ecumenical_altar_gd
D:2:      layout_basic, basic_altar
D:3:      layout_loops_cross, amcnicky_altar_gilded, uniq_terence, uniq_natasha
D:4:      layout_basic, gammafunk_ghost_arena,
          nicolae_ossuary_entry_false_entrances
D:5:      layout_loops_corners, zin_scriptorium, grunt_temple_overflow_open,
          uniq_sigmund
D:6:      layout_basic, serial_shops, shop, gup_sewer_entry_pipe
D:7:      layout_cave_pools, minmay_temple_entry_mini_moons,
          hangedman_abyss_or_decor_lesser_grid, minmay_fountain_box,
          nicolae_underground_beach, uniq_prince_ribbit1, uniq_duvessa

Skill      XL: |  1  2  3  4  5  6  7  8  9 |
---------------+----------------------------+-----
Axes           | 2 3 4 5 7 8 |  8.4
Shields        | 3 4 5 |  5.3
Armour         | 3 4 |  4.9
Fighting       | 3 4 5 |  5.0
Dodging        | 1 2 3 |  3.0
Stealth        | 1 |  1.1
Evocations     | 1 |  1.5

Action                   |  1- 3 |  4- 6 |  7- 9 || total
-------------------------+-------+-------+-------++-------
Melee: War axe           |    96 |   131 |   281 ||   508
       Bite              |    30 |    36 |    87 ||   153
Evoke: Wand              |       |       |    11 ||    11
  Use: Scroll            |       |       |    13 ||    13
Armor: Scale mail        |    45 |    56 |   141 ||   242
Dodge: Dodged            |    22 |    49 |   115 ||   186
Block: Kite shield       |    59 |    78 |   175 ||   312

Table legend: (Time is in decaauts)
 A = Elapsed time spent in this place.
 B = Non-inter-level travel time spent in this place.
 C = Inter-level travel time spent in this place.
 D = Time resting spent in this place.
 E = Time spent auto-exploring this place.
 F = Levels seen in this place.
 G = Mean time per level.
                   A        B        C        D        E       F      G
               +--------+--------+--------+--------+--------+-----+--------+
         Total |   7565 |   7377 |    188 |     58 |   5845 |   8 |  945.6 |
       Dungeon |   7087 |   6899 |    188 |     58 |   5655 |   7 | 1012.4 |
       Ossuary |    477 |    477 |      0 |      0 |    190 |   1 |  477.0 |
               +--------+--------+--------+--------+--------+-----+--------+

Top non-repeatable levels by time:
     D:1: 2075 daAuts
     D:2: 1058 daAuts
     D:5: 1013 daAuts
     D:6: 967 daAuts
     D:3: 822 daAuts
     D:4: 808 daAuts
 Ossuary: 477 daAuts
     D:7: 341 daAuts
